 Dungeon Crawl Stone Soup version 0.26.1-10-gdfb7c7de75 (webtiles) character file.

Game seed: 12652463605735908997

160 Almogavar the Vandal (level 5, -5/34 HPs)
             Began as a Halfling Hunter on Apr 12, 2021.
             Slain by an orc
             ... wielding a +0 flail
              (10 damage)
             ... on level 3 of the Dungeon.
             The game lasted 00:08:37 (3768 turns).

Almogavar the Vandal (Halfling Hunter)              Turns: 3768, Time: 00:08:38

Health: -5/34      AC:  3    Str: 13    XL:     5   Next: 69%
Magic:  5/5        EV: 15    Int:  9    God:
Gold:   169        SH:  0    Dex: 16    Spells: 4/4 levels left

rFire    . . .     SeeInvis .   b - +0 short sword
rCold    . . .     Faith    .   (shield restricted)
rNeg     . . .     Spirit   .   c - +0 leather armour
rPois    +         Reflect  .   (no helmet)
rElec    .         Harm     .   (no cloak)
rCorr    .         Rampage  .   (no gloves)
Will     .....                  (no boots)
Stlth    ++........             (no amulet)
HPRegen  0.11/turn              m - ring of poison resistance
MPRegen  0.09/turn              (no ring)

@: no status effects
A: small, mutation resistance 1
a: no special abilities


You were on level 3 of the Dungeon.
You visited 1 branch of the dungeon, and saw 3 of its levels.

You collected 169 gold pieces.

Inventory:

Hand Weapons
 a - a +1 hunting sling
 b - a +0 short sword (weapon)
Missiles
 d - 33 sling bullets
 i - 46 stones (quivered)
Armour
 c - a +0 leather armour (worn)
 k - a +0 ring mail
Jewellery
 m - a ring of poison resistance (left hand)
Scrolls
 e - 5 scrolls of remove curse
 f - a scroll of enchant weapon
 j - a scroll of amnesia
 n - a scroll of blinking {unknown}
Potions
 g - 2 potions of curing
 l - a potion of resistance
 o - a potion of haste {unknown}
 p - a potion of berserk rage {unknown}


   Skills:
 + Level 2.3 Fighting
 + Level 2.0 Short Blades
 + Level 7.0(7.3) Slings
 + Level 1.8(3.5) Throwing
 + Level 1.8 Armour
 + Level 2.8 Dodging
 + Level 1.3 Stealth


You had 4 spell levels left.
You didn't know any spells.
Your spell library contained the following spells:

 Spells                   Type           Power        Failure   Level
 Confusing Touch          Hex            0%           83%         3
 Gell's Gravitas          Tloc           0%           83%         3
 Petrify                  Tmut/Erth      0%           99%         4
 Metabolic Englaciation   Hex/Ice        0%           100%        5
 Yara's Violent Unravell  Hex/Tmut       0%           100%        5


Dungeon Overview and Level Annotations

Branches:
Dungeon (3/15)

Altars:
Nemelex Xobeh


Innate Abilities, Weirdness & Mutations

You are small and have problems with some larger weapons.
You are somewhat resistant to further mutation.


Message History

* * * LOW HITPOINT WARNING * * *
You hit the orc.
The orc is heavily wounded.
You barely miss the orc.
The orc is heavily wounded.
The orc closely misses you.
You hit the orc.
The orc is almost dead.
The orc barely misses you.
You hit the orc but do no damage.
The orc is almost dead.
The orc hits you with a +0 flail.
* * * LOW HITPOINT WARNING * * *
You hit the orc but do no damage.
The orc is severely wounded.
The orc barely misses you.
You hit the orc but do no damage.
The orc is severely wounded.
The orc hits you with a +0 flail!
You die...

#.# #)# .#..# ... #.# ....#
#.# ##.## ##...## #.....#
##..<## ##.## #####
#######.####.(.(((
.......@o..).# #######.######
#.# #.# ##### ######### #.##
##...## #.......# #...
##.....# #.# #.#
#.#.#######....... #.#
#)###.#...............
##.#####..†..#....####.......


You could see an orc.

Vanquished Creatures
  An orc wizard (D:3)
  6 adders
  An ooze (D:3)
  3 dart slugs
  3 leopard geckos
  4 orcs (D:3)
  A ball python (D:1)
  6 bats
  4 goblins
  6 hobgoblins
  3 jackals (D:3)
  A quokka (D:2)
  3 frilled lizards
  10 kobolds
  9 rats
61 creatures vanquished.

Notes
Turn   | Place    | Note
-------+----------+-------------------------------------------
     0 | D:1      | Almogavar the Halfling Hunter began the quest for the Orb.
     0 | D:1      | Reached XP level 1. HP: 14/14 MP: 1/1
    87 | D:1      | Reached skill level 6 in Slings
   277 | D:1      | Reached XP level 2. HP: 19/19 MP: 2/2
  1000 | D:1      | Reached XP level 3. HP: 24/24 MP: 3/3
  1376 | D:2      | Reached skill level 7 in Slings
  1763 | D:2      | Reached XP level 4. HP: 29/29 MP: 4/4
  1904 | D:2      | Reached skill level 1 in Armour
  2180 | D:2      | Reached skill level 1 in Throwing
  2699 | D:3      | Reached skill level 1 in Short Blades
  2882 | D:3      | Reached XP level 5. HP: 31/34 MP: 5/5
  3202 | D:3      | Found a sparkling altar of Nemelex Xobeh.
  3768 | D:3      | Slain by an orc

Illustrated notes

Levels and vault maps discovered:
D:1:      amcnicky_arrival_wind_blow, layout_loops_corners,
          kennysheep_small_spiral
D:2:      layout_loops_cross, serial_bayou_pond_a, eino_curves_02
D:3:      layout_loops_corners, marbit_many_paths

Skill      XL: |  1  2  3  4  5 |
---------------+----------------+-----
Slings         | 6 7 |  7.0
Fighting       | 2 |  2.3
Armour         | 1 |  1.8
Throwing       | 1 |  1.8
Short Blades   | 1 2 |  2.0
Dodging        | |  2.8
Stealth        | |  1.3

Action                   |  1- 3 |  4- 6 || total
-------------------------+-------+-------++-------
Melee: Short sword       |    73 |   151 ||   224
 Fire: Hunting sling     |    12 |       ||    12
Throw: Stone             |    51 |    97 ||   148
  Use: Scroll            |     1 |     4 ||     5
Armor: Leather armour    |    19 |    15 ||    34
Dodge: Dodged            |    51 |   105 ||   156
